 Dungeon Crawl Stone Soup version 0.26.0-18-gc5c842f807 (webtiles) character file.

Game seed: 8452823887433672835

9494 thiole the Covert (level 11, -1/72 HPs)
             Began as an Octopode Hedge Wizard on Jan 23, 2021.
             Was an Initiate of Gozag.
             Slain by Snorg (13 damage)
             ... on level 10 of the Dungeon.
             The game lasted 00:38:55 (13534 turns).

thiole the Covert (Octopode Hedge Wizard)          Turns: 13534, Time: 00:38:56

Health: -1/72      AC:  3    Str:  9    XL:     11   Next: 47%
Magic:  6/22       EV: 13    Int: 21    God:    Gozag
Gold:   282        SH:  6    Dex: 11    Spells: 6/25 levels left

rFire    . . .     SeeInvis .   h - +2 dagger (elec)
rCold    . . .     Faith    .   t - +2 buckler
rNeg     + . .     Spirit   .   b - +2 hat
rPois    .         Reflect  .   (no amulet)
rElec    .         Harm     .   q - ring of positive energy
rCorr    .         Rampage  .   (no ring)
Will     .....                  (no ring)
Stlth    +++++.....             (no ring)
HPRegen  0.22/turn              (no ring)
MPRegen  0.18/turn              (no ring)
                                (no ring)
                                (no ring)

@: mighty, very slightly contaminated, hasted, invisible, very quick
A: almost no armour, stealthy swim, amphibious, 8 rings, constrict 8, camouflage
1, gelatinous body 1
a: Renounce Religion, Potion Petition, Call Merchant, Bribe Branch


You were on level 10 of the Dungeon.
You worshipped Gozag.
Gozag was aware of your devotion.
You visited 2 branches of the dungeon, and saw 11 of its levels.
You also visited: Ossuary.

You collected 1488 gold pieces.
You paid 1206 gold pieces to Gozag.

Inventory:

Hand Weapons
 a - a +2 great mace of protection
 h - a +2 dagger of electrocution (weapon)
 x - a +2 rapier of freezing
Armour
 b - a +2 hat (worn)
 t - a +2 buckler (worn)
Jewellery
 q - a ring of positive energy (left tentacle)
 D - an uncursed amulet of faith
Wands
 p - a wand of flame (35)
Scrolls
 d - 2 scrolls of fog {unknown}
 f - a scroll of enchant armour
 i - 3 scrolls of teleportation
 j - 2 scrolls of blinking {unknown}
 k - 5 scrolls of remove curse
 l - 2 scrolls of amnesia {unknown}
 s - 4 scrolls of enchant weapon {unknown}
 u - 3 scrolls of random uselessness {unknown}
 v - 2 scrolls of magic mapping {unknown}
 y - a scroll of summoning {unknown}
Potions
 c - 2 potions of heal wounds
 m - 2 potions of cancellation
 o - a potion of berserk rage
 r - 3 potions of flight
 w - a potion of lignification
 z - a potion of haste
 A - 2 potions of brilliance
 B - a potion of attraction {unknown}
 C - a potion of might
 E - a potion of curing


   Skills:
 - Level 6.2 Fighting
 - Level 2.0 Dodging
 - Level 10.3 Stealth
 + Level 2.9 Shields
 + Level 7.7 Spellcasting
 + Level 4.4 Conjurations
 - Level 7.6 Summonings
 - Level 1.0 Translocations
 - Level 8.0 Ice Magic
 * Level 5.7 Air Magic


You had 6 spell levels left.
You knew the following spells:

 Your Spells              Type           Power        Failure   Level
a - Magic Dart            Conj           100%         1%          1
b - Call Imp              Summ           40%          1%          2
c - Blink                 Tloc           N/A          10%         2
d - Mephitic Cloud        Conj/Pois/Air  22%          7%          3
e - Summon Ice Beast      Ice/Summ       41%          3%          4
f - Frozen Ramparts       Ice            82%          1%          3
g - Hailstorm             Conj/Ice       34%          8%          4

Your spell library contained the following spells:

 Spells                   Type           Power        Failure   Level
 Freeze                   Ice            100%         1%          1
 Summon Small Mammal      Summ           100%         1%          1
 Ozocubu's Armour         Ice            41%          1%          3
 Searing Ray              Conj           52%          2%          2
 Apportation              Tloc           24%          6%          1
 Animate Skeleton         Necr           16%          10%         1
 Corona                   Hex            8%           10%         1
 Conjure Flame            Conj/Fire      17%          12%         3
 Dazzling Flash           Conj/Hex       34%          12%         3
 Slow                     Hex            8%           14%         2
 Iskenderun's Mystic Bla  Conj/Tloc      19%          30%         4
 Fulminant Prism          Conj/Hex       8%           36%         4


Dungeon Overview and Level Annotations

Branches:
Dungeon (10/15)            Temple (1/1) D:6             Orc (0/2) D:9
Ossuary (visited)
   Lair: D:8-11

Altars:
Ashenzari
Cheibriados
Dithmenos
Elyvilon
Fedhas
Gozag
Kikubaaqudgha
Makhleb
Nemelex Xobeh
Okawaru
Qazlal
Sif Muna
Trog
Uskayaw
Vehumet
Wu Jian
Xom
Yredelemnul

Shops:
D:9 [

Annotations:
D:2 Natasha
D:10 1 runed translucent door, Erolcha; Snorg; zcampers's ghost, journeyman MiFi


Innate Abilities, Weirdness & Mutations

You cannot wear most types of armour.
You are very stealthy in the water. (Stealth+)
You are amphibious.
You can wear up to eight rings at the same time.
You can use your tentacles to constrict eight enemies at once.
Your skin changes colour to match your surroundings (Stealth+).
Your rubbery body absorbs attacks. (AC +1, EV +1)


Message History

You are very lightly contaminated with residual magic.
There is an open door here.
You closely miss Snorg. You squeeze Snorg!!
Snorg is moderately wounded.
You catch the helpless Snorg completely off-guard!
You impale Snorg!!
Snorg is heavily wounded.
Snorg is no longer berserk.
You closely miss Snorg.
Snorg is heavily wounded.
You block Snorg's attack. x2; Snorg claws you!
* * * LOW HITPOINT WARNING * * *
You puncture Snorg! You squeeze Snorg!
Snorg is severely wounded.
Snorg shouts!
You puncture Snorg!
Snorg is almost dead.
Snorg bites you!
You die...
Your body crumbles into a pile of gold.

#...........'...#....#
#...........#...#....#
########....#####....#####
#...........#.............
#...........#.............
#......#....#.............
#......#....#............#
#......#.T..#............#
########.@..#............#
#......###'###########...#
#......#........#....#####
#......'........#....#....
#...>..#........#....'....
#......######...#....#....
#..)........#...#....##'##
#...........#..<###'##...#
#...........#...#....#...#


You could see Snorg (slow).

Vanquished Creatures
  A tengu warrior (D:9)
  Erica (D:10)
  Maggie (D:6)
  Eustachio (D:6)
  An orc warrior (D:9)
  2 phantoms
  4 necrophages (D:7)
  4 ogres
  2 centaurs
  2 elf zombies (Ossuary)
  A big kobold (D:9)
  9 bullfrogs
  3 scorpions
  4 wights (D:7)
  A howler monkey (D:7)
  A bullfrog zombie (D:7)
  2 centaur zombies
  3 bullfrog skeletons
  2 orc priests (D:3)
  2 human zombies (Ossuary)
  4 hounds
  An orc wizard (D:6)
  A centaur skeleton (D:10)
  Jessica (D:2)
  2 iguanas
  6 worker ants
  2 big kobold zombies (Ossuary)
  A hound zombie (Ossuary)
  3 hound skeletons
  3 mummies (Ossuary)
  A worker ant zombie (D:7)
  A howler monkey zombie (D:9)
  2 gnolls (D:3)
  10 adders
  A shadow imp (D:8)
  3 white imps
  An ufetubus (D:4)
  An ooze (D:4)
  2 adder skeletons (D:4)
  2 adder zombies
  2 worms
  A dart slug (D:5)
  3 leopard geckos
  20 orcs
  7 bats
  2 giant cockroaches
  10 hobgoblins
  7 jackals
  6 quokkas
  A ball python (D:2)
  3 frilled lizards
  A gnoll zombie (Ossuary)
  6 goblins
  A goblin zombie (Ossuary)
  7 hobgoblin zombies (Ossuary)
  2 jackal zombies (Ossuary)
  12 kobolds
  5 kobold zombies (Ossuary)
  A leopard gecko skeleton (D:4)
  2 orc zombies (Ossuary)
  3 quokka zombies
  5 rats
  3 rat zombies (Ossuary)
205 creatures vanquished.

Vanquished Creatures (collateral kills)
  A deep elf mage (D:9)
  Joseph (D:8)
  A troll (D:9)
  6 yaks (D:9)
  An ice beast (D:9)
  4 orc warriors
  A phantom (D:9)
  A necrophage (D:6)
  2 ogres (D:9)
  A bullfrog (D:6)
  5 scorpions
  A centaur zombie (D:9)
  3 iguanas
  An orc wizard (D:8)
  A hound zombie (Ossuary)
  A worker ant zombie (D:6)
  2 gnolls (D:3)
  An ufetubus (D:9)
  2 worms
  7 orcs
  A kobold (D:9)
  A goblin zombie (Ossuary)
  An orc zombie (Ossuary)
46 creatures vanquished.

Vanquished Creatures (others)
  A withered plant (D:7)
1 creature vanquished.

Grand Total: 252 creatures vanquished

Notes
Turn   | Place    | Note
-------+----------+-------------------------------------------
     0 | D:1      | thiole the Octopode Hedge Wizard began the quest for the
                  | Orb.
     0 | D:1      | Reached XP level 1. HP: 11/11 MP: 4/4
   524 | D:1      | Reached XP level 2. HP: 17/17 MP: 0/6
   942 | D:2      | Learned a level 2 spell: Call Imp
   945 | D:2      | Learned a level 2 spell: Blink
  1034 | D:2      | Reached skill level 3 in Stealth
  1157 | D:2      | Noticed Natasha
  1167 | D:2      | Noticed Jessica
  1516 | D:3      | Reached XP level 3. HP: 21/21 MP: 4/7
  1894 | D:3      | Reached XP level 4. HP: 27/27 MP: 3/8
  2272 | D:3      | Found a burning altar of Makhleb.
  2344 | D:3      | Learned a level 3 spell: Mephitic Cloud
  2665 | D:3      | Reached skill level 4 in Stealth
  2665 | D:3      | Reached XP level 5. HP: 26/31 MP: 4/10
  2887 | D:4      | Noticed an ogre
  2897 | D:4      | Killed an ogre
  2898 | D:4      | Reached skill level 1 in Air Magic
  3652 | D:4      | Reached XP level 6. HP: 12/36 MP: 9/11
  4735 | D:5      | Entered Level 5 of the Dungeon
  5045 | D:5      | Reached skill level 5 in Stealth
  5233 | D:5      | Reached XP level 7. HP: 42/42 MP: 7/13
  5566 | D:5      | Found an ancient bone altar of Kikubaaqudgha.
  6140 | D:6      | Reached skill level 1 in Fighting
  6194 | D:6      | Reached skill level 6 in Stealth
  6214 | D:6      | Reached XP level 8. HP: 41/50 MP: 0/14
  6254 | D:6      | Noticed Eustachio
  6285 | D:6      | Killed Eustachio
  6286 | D:6      | Reached skill level 5 in Air Magic
  6297 | D:6      | Found a staircase to the Ecumenical Temple.
  6346 | D:6      | Found a sand-covered staircase.
  6351 | Ossuary  | Entered an ossuary
  6500 | Ossuary  | Reached skill level 7 in Stealth
  6500 | Ossuary  | Reached skill level 5 in Spellcasting
  7215 | Temple   | Entered the Ecumenical Temple
  7246 | Temple   | Became a worshipper of Gozag Ym Sagoz the Greedy
  7381 | D:6      | Reached skill level 8 in Stealth
  7471 | D:6      | Reached XP level 9. HP: 55/58 MP: 14/17
  7581 | D:6      | Noticed Maggie
  7726 | D:2      | Killed Jessica
  7869 | D:2      | Found an opulent altar of Gozag.
  8460 | D:6      | Killed Maggie
  8716 | D:7      | Reached skill level 5 in Fighting
  8717 | D:7      | Reached skill level 9 in Stealth
  9473 | D:7      | Reached skill level 10 in Stealth
 10320 | D:8      | Reached XP level 10. HP: 35/68 MP: 20/20
 10413 | D:8      | Learned a level 4 spell: Summon Ice Beast
 10417 | D:8      | Learned a level 3 spell: Frozen Ramparts
 10422 | D:8      | Learned a level 4 spell: Hailstorm
 10535 | D:8      | Reached XP level 11. HP: 72/72 MP: 16/21
 11044 | D:8      | Noticed Joseph
 11066 | D:8      | Killed Joseph
 11323 | D:9      | Reached skill level 1 in Shields
 11609 | D:9      | Found a staircase to the Orcish Mines.
 11651 | D:10     | Entered Level 10 of the Dungeon
 11651 | D:10     | Noticed Erica
 11669 | D:10     | Killed Erica
 12736 | D:9      | Found Lyov's Antique Armour Emporium.
 13000 | D:9      | Noticed a deep elf mage
 13008 | D:9      | Killed a deep elf mage
 13085 | D:9      | Noticed a tengu warrior
 13113 | D:9      | Killed a tengu warrior
 13349 | D:10     | Found a runed translucent door.
 13349 | D:10     | Found a shimmering altar of Xom.
 13349 | D:10     | Noticed zcampers's ghost (journeyman MiFi)
 13349 | D:10     | Noticed a +1 halberd of chaos
 13372 | D:10     | Noticed Erolcha
 13401 | D:10     | Noticed Snorg
 13534 | D:10     | Slain by Snorg

Illustrated notes

Levels and vault maps discovered:
D:1:      minmay_arrival_three_doors, layout_basic,
          chequers_serial_rivers_small_3
D:2:      layout_rooms, serial_glass, glass_columns_a, glass_columns_a,
          grunt_gozag_breadcrumbs, uniq_natasha, uniq_jessica
D:3:      layout_loops_corners, overflow_temple_1_default
D:4:      layout_loops_corners, nrook_campfire, minmay_divided_ellipse
D:5:      layout_cave_pods, basic_altar
D:6:      layout_rooms, minmay_temple_entry_tees, enter_ossuary_2,
          serial_park_tiny_2, uniq_maggie, uniq_eustachio
D:7:      minmay_evil_eye, layout_cave_pools, serial_undead, serial_undead_e,
          serial_undead_d, serial_undead_f, serial_undead_d, serial_undead_a,
          serial_undead_d
D:8:      layout_basic, wad_floor_pattern_untrapped, uniq_joseph
D:9:      layout_roguey, david_orc_2, serial_shops, nicolae_shop_waterfront,
          nicolae_lava_and_water, minmay_three_doors
D:10:     layout_grid_maze, ebering_ghost_xom, chequers_serial_rivers_small_b,
          uniq_erica, uniq_snorg, uniq_erolcha
Temple:   grunt_wide_crystal_templ

Skill      XL: |  1  2  3  4  5  6  7  8  9 10 11 |
---------------+----------------------------------+-----
Stealth        | 3 4 5 6 8 10 | 10.3
Conjurations   | 2 3 4 |  4.4
Summonings     | 2 7 |  7.6
Air Magic      | 1 3 4 5 |  5.7
Spellcasting   | 4 5 7 |  7.7
Fighting       | 2 4 6 |  6.2
Ice Magic      | 7 8 |  8.0
Shields        | 2 |  2.9
Dodging        | |  2.0
Translocations | |  1.0

Action                   |  1- 3 |  4- 6 |  7- 9 | 10-12 || total
-------------------------+-------+-------+-------+-------++-------
Melee: Dagger            |    18 |    49 |   250 |    79 ||   396
       Constrict         |     7 |    11 |    53 |    10 ||    81
       Tentacles         |     7 |     4 |    39 |    10 ||    60
 Cast: Magic Dart        |    63 |    77 |   180 |    33 ||   353
       Call Imp          |     2 |    15 |    70 |    13 ||   100
       Mephitic Cloud    |       |       |     2 |       ||     2
       Hailstorm         |       |       |       |     3 ||     3
       Summon Ice Beast  |       |       |       |    59 ||    59
Invok: Potion Petition   |       |       |       |     3 ||     3
Evoke: Wand              |       |       |     3 |     2 ||     5
  Use: Scroll            |       |       |    11 |     6 ||    17
       Potion            |       |       |     4 |     4 ||     8
 Stab: Sleeping          |       |     1 |     4 |     8 ||    13
       Distracted        |       |       |     3 |       ||     3
       Confused          |       |       |     1 |       ||     1
       Invisible         |       |       |       |     1 ||     1
Armor: Skin              |     1 |     1 |    22 |     8 ||    32
Dodge: Dodged            |    12 |    25 |   136 |    41 ||   214
Block: Buckler           |       |       |       |    11 ||    11
